 Dungeon Crawl Stone Soup version 0.29.1-4-g47bece8355 (webtiles) character file.

Game seed: 1181179387920328305

7 Hiippo the Trooper (level 2, 0/24 HPs)
             Began as a Formicid Abyssal Knight on Dec 1, 2022.
             Was a Believer of Lugonu.
             Succumbed to a goblin's poison
             ... on level 1 of the Dungeon.
             The game lasted 00:00:47 (93 turns).

Hiippo the Trooper (Formicid Abyssal Knight)          Turns: 93, Time: 00:00:47

Health: 0/24       AC:  3    Str: 17    XL:     2   Next: 10%
Magic:  3/3        EV: 11    Int:  9    God:    Lugonu [**....]
Gold:   0          SH:  0    Dex: 14    Spells: 1/1 levels left

rFire   . . .      SeeInvis +   a - +1 mace
rCold   . . .      Faith    .   (no shield)
rNeg    . . .      Spirit   .   b - +0 leather armour
rPois   .          Reflect  .   (helmet unavailable)
rElec   .          Harm     .   (no cloak)
rCorr   .          Rampage  .   (no gloves)
Will    .....                   (no boots)
Stlth   +.........              (no amulet)
HPRegen 0.08/turn               (no ring)
MPRegen 0.08/turn               (no ring)

@: lethally poisoned (0 -> -1)
A: permanent stasis, dig shafts and tunnels, antennae 3, four strong arms
a: Dig, Shaft Self, Renounce Religion, Depart the Abyss, Bend Space


You were on level 1 of the Dungeon.
You worshipped Lugonu.
Lugonu was pleased with you.
You visited 1 branch of the dungeon, and saw 1 of its levels.
You visited the Abyss 1 time.

Inventory:

Hand Weapons
 a - a +1 mace (weapon)
Armour
 b - a +0 leather armour (worn)
Scrolls
 c - a scroll of enchant weapon {unknown}
 d - a scroll of fog {unknown}


   Skills:
 + Level 3.4 Fighting
 + Level 2.1 Maces & Flails
 + Level 2.3 Armour
 + Level 1.1 Dodging
 + Level 2.4 Invocations


You had one spell level left.
You didn't know any spells.
Your spell library was empty.

Dungeon Overview and Level Annotations

Branches:
Dungeon (1/15)

Altars:


Innate Abilities, Weirdness & Mutations

You cannot be hasted, slowed, berserked, paralysed or teleported.
You can dig through walls and to a lower floor.
You have a pair of large antennae on your head. (SInv)
Your four strong arms can wield two-handed weapons with a shield.


Message History

The bat moves out of view.
You see here 13 gold pieces.
A frilled lizard comes into view.
The frilled lizard hisses angrily.
You closely miss the goblin.
The goblin hits you with a +2 dagger of venom.
You are poisoned.
The goblin hits you with a +2 dagger of venom.
You are lethally poisoned!
A rat comes into view.
You sock the goblin!
You kill the goblin!
Lugonu accepts your kill.
You feel very sick.
You have reached level 2!
You closely miss the frilled lizard.
You feel very sick. The frilled lizard barely misses you.
You hit the frilled lizard.
You kill the frilled lizard!
Lugonu accepts your kill.
* * * LOW HITPOINT WARNING * * *
You feel very sick.
* * * LOW HITPOINT WARNING * * *
You feel sick.
You completely miss the rat.
* * * LOW HITPOINT WARNING * * *
You feel sick. The rat barely misses you. x2
You thump the rat!
You kill the rat!
Lugonu accepts your kill.
* * * LOW HITPOINT WARNING * * *
You feel sick.
* * * LOW HITPOINT WARNING * * *
You feel sick.
Things that are here:
a +2 dagger of venom; a rat corpse; a goblin corpse
* * * LOW HITPOINT WARNING * * *
You feel sick.
You die...

.... ###^..##..
....###.........
.....#.......... #.. ##
................ ..# ##.
...♣...#.##...##...# #...
P♣♣♣P.....#..#...#
♣..♣♣♣♣♣PPP..###........##
..PP♣♣P♣........##........
#...P♣..........@##.......
...P..............).......
..................##......
.................$# ...##
.......†..........# ....
..................! ...
......[............. ..
...##########........ .
...#♣.P♣♣. #...#.....


There were no monsters in sight!

Vanquished Creatures
  An endoplasm (D:1)
  A goblin (D:1)
  2 hobgoblins (D:1)
  A frilled lizard (D:1)
  2 rats (D:1)
7 creatures vanquished.

Notes
Turn   | Place    | Note
-------+----------+-------------------------------------------
     0 | Abyss:1  | Hiippo the Formicid Abyssal Knight began the quest for the
                  | Orb.
     0 | Abyss:1  | Reached XP level 1. HP: 18/18 MP: 2/2
     0 | D:1      | Escaped the Abyss
    35 | D:1      | Reached skill level 1 in Dodging
    55 | D:1      | Reached ** piety under Lugonu
    86 | D:1      | Reached XP level 2. HP: 12/24 MP: 3/3
    92 | D:1      | HP: 1/24 [poisoned by a goblin]
    93 | D:1      | Succumbed to a goblin's poison

Illustrated notes

Levels and vault maps discovered:
D:1:      minmay_arrival_arboretum_small, layout_rooms, serial_forest,
          infiniplex_forest_clump_diagonal, infiniplex_forest_clump_long,
          infiniplex_forest_end_double, infiniplex_forest_clump_C,
          infiniplex_forest_straight_4, infiniplex_forest_clump_cross,
          infiniplex_forest_straight_3, minmay_tetromino_s4

Skill      XL: |  1 |
---------------+----+-----
Dodging        | 1 |  1.1
Fighting       | |  3.4
Maces & Flails | |  2.1
Armour         | |  2.3
Invocations    | |  2.4

Action                   || total
-------------------------++-------
Melee: Mace              ||    15
Invok: Depart the Abyss  ||     1
Armor: Leather armour    ||     1
Dodge: Dodged            ||     6
